 Dungeon Crawl Stone Soup version 0.31-a0-875-g02e7d12df6 (webtiles) character file.

Game seed: 1875893566454718019

450 IdlyInterested the Twirler (level 6, -7/48 HPs)
             Began as a Demonspawn Gladiator on Oct 12, 2023.
             Mangled by a gnoll
             ... wielding a +0 halberd
              (10 damage)
             ... on level 4 of the Dungeon.
             The game lasted 00:11:07 (3008 turns).

IdlyInterested the Twirler (Demonspawn Gladiator)   Turns: 3008, Time: 00:11:08

Health: -7/48      AC:  9    Str: 15    XL:     6   Next: 74%
Magic:  10/10      EV:  7    Int: 11    God:
Gold:   193        SH:  0    Dex: 14    Spells: 9/11 levels left

rFire   . . .        a - +0 quarterstaff
rCold   . . .        (shield currently unavailable)
rNeg    . . .        q - +0 chain mail
rPois   .            (helmet restricted)
rElec   .            t - +0 cloak
rCorr   .            (no gloves)
SInv    +            (no boots)
Will    .....        H - amulet of regeneration Stlth
                     E - ring of see invisible
HPRegen 1.08/turn    (no ring)
MPRegen 0.12/turn

%: no passive effects
@: no status effects
A: horns 2, foul stench 1
a: no special abilities


You were on level 4 of the Dungeon.
You visited 1 branch of the dungeon, and saw 4 of its levels.
You also visited: Sewer.

You collected 193 gold pieces.

Inventory:

Hand Weapons
 a - a +0 quarterstaff (weapon)
 c - a +0 trident
 n - a +0 mace
 v - a +0 rapier
 x - a +0 hand axe
 z - a +1 great mace of protection
 D - a +0 long sword
 F - a +0 triple sword
Missiles
 d - 2 throwing nets
 e - a javelin
 j - 18 stones (quivered)
 k - 3 poisoned darts
Armour
 b - a +0 leather armour
 g - a +0 plate armour
 q - a +0 chain mail (worn)
 s - a +0 scale mail
 t - a +0 cloak (worn)
Jewellery
 E - a ring of see invisible (left hand)
 H - an amulet of regeneration (around neck)
 I - a ring of fire
Wands
 G - a wand of charming (5)
Scrolls
 h - 3 scrolls of teleportation
 i - a scroll of acquirement {unknown}
 l - a scroll of fear
 o - a scroll of noise
 u - 2 scrolls of blinking
 y - 2 scrolls of enchant armour {unknown}
 B - a scroll of enchant weapon {unknown}
 C - a scroll of fog {unknown}
Potions
 f - a potion of heal wounds {unknown}
 m - 2 potions of might
 p - a potion of brilliance {unknown}
 r - a potion of lignification
 w - a potion of curing
 A - a potion of attraction {unknown}


   Skills:
 * Level 3.8 Fighting
 + Level 4.5 Staves
 - Level 1.7 Throwing
 + Level 1.5 Armour
 - Level 2.6 Dodging
 - Level 1.0 Stealth
 - Level 1.0 Shields
 - Level 3.0 Spellcasting
 - Level 1.0 Evocations


You had 9 spell levels left.
You knew the following spells:

 Your Spells              Type           Power      Damage    Failure   Level
a - Passwall              Tmut/Erth      0%         N/A       99%         2

Your spell library contained the following spells:

 Spells                   Type           Power      Damage    Failure   Level
 Sandblast                Erth           2%         2d4       98%         1
 Stone Arrow              Conj/Erth      2%         3d7       100%        3
 Brom's Barrelling Bould  Conj/Erth      1%         2d3       100%        4


Dungeon Overview and Level Annotations

Branches:
Dungeon (4/15)              Sewer (visited)
 Temple: D:4-7

Altars:

Shops:
D:1 (


Innate Abilities, Weirdness & Mutations

You have a pair of horns on your head.
You may rarely emit foul miasma when damaged in melee.


Message History

You hear a shout!
The ogre is engulfed in dark miasma.
The ogre looks even sicker.
The gnoll attacks as it pursues you! The gnoll hits you but does no damage.
You hit the ogre but do no damage.
The ogre is severely wounded.
The ogre barely misses you.
You barely miss the ogre.
You headbutt the ogre, but do no damage.
The ogre is severely wounded.
The ogre barely misses you.
You hit the ogre. You headbutt the ogre.
You kill the ogre!
The quokka bites you but does no damage.
It was a potion of curing.
You feel better. The quokka bites you.
* * * LOW HITPOINT WARNING * * *
You barely miss the quokka. The quokka completely misses you.
You closely miss the quokka.
The quokka bites you but does no damage.
You sock the quokka!
You kill the quokka!
You closely miss the gnoll. You hit the gnoll.
The gnoll is heavily wounded.
A gnoll comes into view. It is wielding a +0 whip.
The gnoll closely misses you.
You hit the gnoll.
The gnoll is heavily wounded.
The gnoll barely misses you.
The gnoll hits you from afar with a +0 halberd.
You hit the gnoll but do no damage.
The gnoll is heavily wounded.
The gnoll closely misses you.
The gnoll hits you from afar with a +0 halberd!
* * * LOW HITPOINT WARNING * * *
You hit the gnoll.
The gnoll is almost dead.
The gnoll hits you with a +0 flail.
* * * LOW HITPOINT WARNING * * *
The gnoll hits you from afar with a +0 halberd!
You die...

## #.#..
..##.#.#
.....#.#
.......###
#.#g.....#
#.#.##...##
#.#..#....#
#.#.g#.#
#@#..#.#
#.gg.#.#
###g.#<#.#
#......#
#.######
#... #..#
#..# #..#


You could see 3 gnolls.

Vanquished Creatures
  Pargi (Sewer)
  An ogre (D:4)
  A phantom (D:4)
  A hound (D:4)
  Ijyb (D:4)
  6 adders
  2 worms
  An orc (D:4)
  6 endoplasms
  11 giant cockroaches
  9 goblins
  8 hobgoblins
  3 jackals (D:1)
  8 quokkas
  5 ball pythons
  4 bats
  4 frilled lizards
  7 kobolds
  3 rats (D:1)
82 creatures vanquished.

Notes
Turn   | Place    | Note
-------+----------+-------------------------------------------
     0 | D:1      | IdlyInterested the Demonspawn Gladiator began the quest for
                  | the Orb.
     0 | D:1      | Reached XP level 1. HP: 16/16 MP: 1/1
   186 | D:1      | Reached skill level 1 in Spellcasting
   186 | D:1      | Gained mutation: You have a pair of small horns on your
                  | head. [demonic ancestry]
   186 | D:1      | Reached XP level 2. HP: 11/22 MP: 3/3
   366 | D:1      | Found a faded altar of an unknown god.
   397 | D:1      | Reached skill level 3 in Staves
   524 | D:1      | Reached skill level 1 in Armour
   527 | D:1      | Gained mutation: You may rarely emit foul miasma when
                  | damaged in melee. [demonic ancestry]
   527 | D:1      | Reached XP level 3. HP: 27/27 MP: 5/5
   555 | D:1      | Found Zururog's Weapon Shop.
  1097 | D:2      | You fall into a shaft and drop 1 floor!
  1153 | D:3      | Found a glowing drain.
  1170 | Sewer    | Entered a sewer
  1194 | Sewer    | Noticed Pargi
  1208 | Sewer    | Killed Pargi
  1209 | Sewer    | Reached skill level 1 in Stealth
  1209 | Sewer    | Reached XP level 4. HP: 6/35 MP: 7/7
  1209 | Sewer    | Reached XP level 5. HP: 7/41 MP: 8/8
  2388 | D:3      | Learned a level 2 spell: Passwall
  2486 | D:3      | Reached skill level 4 in Staves
  2486 | D:3      | Reached skill level 1 in Evocations
  2800 | D:4      | Noticed a phantom
  2808 | D:4      | Noticed Ijyb
  2812 | D:4      | Killed a phantom
  2813 | D:4      | Gained mutation: You have a pair of horns on your head.
                  | [demonic ancestry]
  2813 | D:4      | Reached XP level 6. HP: 28/47 MP: 8/10
  2819 | D:4      | Killed Ijyb
  2820 | D:4      | Reached skill level 1 in Shields
  2994 | D:4      | HP: 2/47 [gnoll/+0 halberd (6)]
  3008 | D:4      | Mangled by a gnoll

Illustrated notes

Levels and vault maps discovered:
D:1:      dpeg_arrival_rooms_with_view, layout_loops_ring,
          dreamdust_ecumenical_altar_grove, serial_shops,
          nicolae_shop_waterfront
D:2:      layout_basic
D:3:      layout_basic, gup_sewer_entry_pipe, corexii_corridor_pit,
          chequers_serial_rivers_small_a
D:4:      layout_basic, kennysheep_okawaru_gauntlet,
          mainiacjoe_overflow_catwalk, nicolae_shop_fire_sale
          [nicolae_sub_dead_trees], kennysheep_small_spiral,
          minmay_misc_feat_tiny, uniq_ijyb, uniq_pikel

Skill      XL: |  1  2  3  4  5  6 |
---------------+-------------------+-----
Spellcasting   | 1 2 3 |  3.0
Staves         | 3 4 |  4.5
Armour         | 1 |  1.5
Fighting       | 3 |  3.8
Stealth        | 1 |  1.0
Evocations     | 1 |  1.0
Shields        | 1 |  1.0
Throwing       | |  1.7
Dodging        | |  2.6

Action                     |  1- 3 |  4- 6 || total
---------------------------+-------+-------++-------
  Melee: Quarterstaff      |    94 |   131 ||   225
         Headbutt          |    12 |    19 ||    31
  Throw: Throwing net      |     2 |       ||     2
         Stone             |     1 |     9 ||    10
    Use: Potion            |     1 |     2 ||     3
         Scroll            |       |     4 ||     4
   Stab: Sleeping          |     2 |       ||     2
         Held in net/web   |     1 |       ||     1
 Armour: Leather armour    |    56 |       ||    56
         Chain mail        |       |   117 ||   117
  Dodge: Dodged            |    82 |    58 ||   140

Table legend: (Time is in decaauts)
 A = Elapsed time spent in this place.
 B = Non-inter-level travel time spent in this place.
 C = Inter-level travel time spent in this place.
 D = Time resting spent in this place.
 E = Time spent auto-exploring this place.
 F = Levels seen in this place.
 G = Mean time per level.
                   A        B        C        D        E       F      G
               +--------+--------+--------+--------+--------+-----+--------+
         Total |   3054 |   2388 |    666 |    341 |   1020 |   5 |  610.8 |
       Dungeon |   2749 |   2083 |    666 |    217 |   1020 |   4 |  687.2 |
         Sewer |    304 |    304 |      0 |    124 |      0 |   1 |  304.0 |
               +--------+--------+--------+--------+--------+-----+--------+

Top non-repeatable levels by time:
     D:1: 1097 daAuts
     D:2: 808 daAuts
     D:3: 705 daAuts
   Sewer: 304 daAuts
     D:4: 138 daAuts
